Map: Omikron

Players

Gracz - Winner!

  • Race: Terran Terran
  • Spawn Location: 3:00

HAJPER - Winner!

  • Race: Protoss Protoss
  • Spawn Location: 1:00

SI 2 (Średnio trudna)

  • Race: Zerg Zerg
  • Spawn Location: 9:00

SI 3 (Trudniejsza)

  • Race: Protoss Protoss
  • Spawn Location: 7:00

VOD

Have the link to the VOD?

Description

Time

  • Played on: Feb. 20, 2016, 4:57 p.m.
  • Length: 28:00
Show
View Real Time Build Order
Export as new Build Order

Gracz Terran - Winner!

Build Orders:  

Get SALT Encoding   

  12  0:03  SCV  
  13  0:38  Supply Depot  
  13  1:00  SCV  
  13  1:02  Refinery x2  
  13  1:03  Supply Depot  
  14  1:07  Supply Depot  
  14  1:12  SCV  
  15  1:25  SCV  
  16  1:33  Supply Depot  
  16  1:37  Supply Depot, SCV  
  17  1:49  SCV  
  18  2:01  SCV  
  19  2:13  SCV  
  20  2:19  Barracks  
  20  2:25  SCV  
  21  2:46  Supply Depot  
  21  2:50  Supply Depot  
  21  3:09  Supply Depot  
  21  3:14  Barracks Reactor  
  21  3:15  Barracks  
  21  3:49  Barracks  
  21  4:09  Barracks Reactor  
  21  4:12  Marine x2  
  23  4:17  Orbital Command  
  23  4:27  Factory  
  23  4:32  Marine x2  
  25  4:53  Barracks Tech Lab  
  25  4:54  Factory  
  25  5:30  Starport  
  25  5:34  Marine x3  
  25  5:35  Marine  
  29  5:37  Marauder  
  29  5:39  Factory Tech Lab  
  29  5:40  Factory Reactor  
  31  5:50  Starport  
  31  5:58  Marauder  
  33  6:20  Starport  
  33  6:25  Marine x2  
  33  6:26  Marine x2  
  33  6:28  Starport Tech Lab  
  33  6:30  Starport Reactor  
  37  6:44  Fusion Core  
  37  6:46  Engineering Bay  
  37  6:56  Armory  
  30  7:17  Marine x2  
  30  7:18  Marine x2  
  30  7:20  Hellion x2  
  30  7:21  Siege Tank  
  41  7:30  Medivac  
  41  7:34  SCV  
  44  7:52  Medivac  
  46  8:45  Command Center  
  24  10:03  Marine x2  
  29  10:07  Battlecruiser  
  29  10:21  Marine x2  
  31  10:30  Marine x2  
  33  10:39  Starport Tech Lab, Reaper x2  
  33  10:41  Building Armor  
  35  10:48  Marine x2  
  37  10:53  Weapon Refit  
  31  11:32  Reaper  
  31  11:33  Battlecruiser, Reaper  
  31  11:36  Behemoth Reactor  
  37  12:03  Marine x2  
  37  12:05  Reaper x2  
  41  12:21  Marine x2, Hi-Sec Auto Tracking  
  43  12:38  Battlecruiser  
  44  13:02  Terran Vehicle Weapons Level 1  
  44  13:09  Marine  
  44  13:10  Marine  
  44  13:11  Marine  
  44  13:12  Marine  
  47  13:19  Terran Infantry Weapons Level 1  
  48  13:27  Marine x2  
  41  14:56  Terran Ship Weapons Level 1  
  41  15:13  Terran Infantry Armor Level 1  
  41  15:16  Orbital Command  
  41  15:38  Marine x2  
  43  15:42  Command Center  
  42  16:38  Refinery, SCV  
  43  16:40  Refinery  
  43  16:50  SCV  
  44  16:57  Command Center  
  43  17:02  SCV  
  43  17:06  Neosteel Frame  
  41  18:08  SCV  
  42  18:20  SCV  
  43  18:32  SCV  
  44  18:44  SCV  
  45  19:08  Refinery  
  33  19:36  SCV  
  34  19:39  SCV  
  35  19:46  Refinery  
  35  19:48  SCV  
  35  19:51  SCV  
  37  20:03  SCV  
  38  20:16  SCV  
  38  20:20  Battlecruiser  
  45  20:21  Battlecruiser  
  45  20:24  Hellion x2  
  55  20:30  Thor  
  55  20:33  Viking x2  
  65  20:43  Marine x2  
  65  20:45  Reaper  
  65  20:46  Reaper  
  69  20:59  SCV  
  69  21:01  Marine x2  
  72  21:11  SCV  
  72  21:18  Reaper x2  
  73  21:19  Marine x2  
  73  21:23  SCV  
  72  21:35  SCV  
  72  21:36  Marine  
  72  21:37  Marine  
  69  21:50  Reaper x2  
  70  22:05  Battlecruiser x2  
  82  22:09  Siege Tank  
  82  22:14  Hellion x2  
  89  22:22  Reaper x2  
  91  22:35  Hellion  
  93  22:41  Cyclone  
  96  23:10  Reaper x2  
  98  23:19  Marauder  
  100  23:21  Terran Infantry Armor Level 2  
  100  23:38  Terran Vehicle Weapons Level 2  
  100  23:41  Marauder  
  102  23:42  Reaper x2  
  104  23:50  Hellion  
  104  23:51  Hellion x2  
  110  24:13  Supply Depot  
  110  24:15  Supply Depot  
  110  24:18  Supply Depot  
  110  24:20  Supply Depot  
  110  24:23  Supply Depot  
  110  24:28  Supply Depot  
  110  24:30  Supply Depot  
  110  24:34  Supply Depot  
  110  24:35  Hellion x2, Marauder, Reaper x2  
  110  24:37  Hellion  
  106  24:57  Hellion x2, Marauder  
  106  24:58  Hellion  
  113  25:07  Reaper x2  
  115  25:18  Hellion x2, Marauder  
  115  25:20  Hellion  
  123  25:36  Terran Infantry Weapons Level 2  
  123  25:41  Hellion  
Show
View Real Time Build Order
Export as new Build Order

HAJPER Protoss - Winner!

Build Orders:  

Get SALT Encoding   

  12  0:03  Probe (Chrono Boost)  
  13  0:13  Probe (Chrono Boost)  
  14  0:38  Pylon  
  14  0:50  Assimilator  
  14  0:52  Assimilator  
  14  0:57  Gateway  
  14  0:58  Forge  
  14  1:00  Probe (Chrono Boost)  
  16  1:11  Probe (Chrono Boost)  
  16  1:22  Probe (Chrono Boost)  
  17  1:32  Probe (Chrono Boost)  
  18  1:40  Protoss Ground Weapons Level 1  
  18  1:43  Probe (Chrono Boost)  
  19  1:53  Probe (Chrono Boost)  
  20  1:59  Zealot, Cybernetics Core  
  22  2:04  Probe (Chrono Boost)  
  23  2:35  Nexus  
  23  2:45  Pylon  
  23  3:02  Stalker  
  23  3:03  Probe (Chrono Boost), Warp Gate  
  26  3:17  Photon Cannon  
  26  3:27  Photon Cannon  
  26  3:32  Stalker (Chrono Boost)  
  28  3:49  Probe (Chrono Boost)  
  28  3:54  Probe  
  30  3:59  Probe  
  31  4:06  Mothership Core  
  31  4:09  Probe  
  34  4:20  Probe  
  35  4:27  Gateway  
  35  4:31  Pylon, Probe  
  35  4:35  Gateway  
  36  4:49  Cybernetics Core  
  36  4:54  Gateway  
  36  4:56  Gateway  
  36  4:58  Gateway  
  36  5:00  Gateway  
  36  5:40  Probe  
  37  5:51  Probe  
  38  6:01  Pylon, Probe  
  39  6:05  Pylon  
  39  6:12  Probe  
  40  6:22  Probe  
  41  6:28  Stalker x3  
  41  6:29  Stalker x2  
  41  6:30  Stalker  
  41  6:31  Stalker  
  55  6:33  Probe  
  56  6:44  Probe  
  57  7:16  Stalker x2  
  57  7:17  Stalker x2  
  57  7:18  Stalker x2  
  69  7:35  Stargate  
  69  7:38  Stargate  
  69  7:41  Stargate  
  69  7:49  Assimilator  
  69  7:54  Assimilator  
  69  7:55  Probe  
  70  8:10  Pylon  
  70  8:12  Pylon  
  70  8:15  Pylon  
  70  8:26  Probe  
  71  8:37  Probe  
  72  8:48  Fleet Beacon, Probe  
  72  8:51  Stalker  
  72  8:52  Stalker x2  
  72  8:53  Stalker x2  
  72  8:54  Stalker x2  
  87  8:58  Probe  
  87  9:00  Void Ray  
  92  9:09  Probe  
  93  9:33  Pylon  
  93  9:36  Pylon  
  93  9:50  Void Ray (Chrono Boost)  
  93  9:51  Void Ray (Chrono Boost)  
  99  9:55  Void Ray (Chrono Boost)  
  91  10:08  Stalker x2  
  91  10:09  Stalker x2  
  91  10:10  Stalker x2  
  103  10:14  Stalker  
  105  10:38  Void Ray (Chrono Boost)  
  109  10:51  Pylon  
  109  10:52  Pylon  
  109  10:55  Pylon  
  109  10:57  Pylon  
  109  10:59  Pylon  
  109  11:09  Mothership Core  
  111  11:15  Void Ray (Chrono Boost)  
  115  11:34  Void Ray (Chrono Boost)  
  123  11:40  Void Ray (Chrono Boost)  
  123  11:52  Void Ray (Chrono Boost)  
  133  12:17  Nexus  
  133  12:19  Void Ray (Chrono Boost)  
  137  12:31  Void Ray (Chrono Boost)  
  139  13:12  Stalker  
  141  13:13  Stalker x2  
  141  13:14  Stalker  
  141  13:15  Stalker  
  149  13:28  Probe  
  151  14:00  Assimilator, Probe  
  151  14:03  Assimilator  
  151  14:10  Probe  
  152  14:21  Probe  
  152  14:23  Pylon  
  153  14:26  Pylon  
  153  14:30  Pylon  
  149  14:31  Pylon, Probe  
  149  14:34  Pylon  
  149  14:35  Pylon  
  146  15:24  Void Ray (Chrono Boost)  
  146  15:25  Void Ray (Chrono Boost)  
  146  15:26  Void Ray (Chrono Boost)  
  158  15:59  Stalker  
  158  16:00  Stalker x2  
  158  16:01  Stalker x2  
  158  16:02  Stalker x2, Void Ray (Chrono Boost)  
  158  16:03  Void Ray (Chrono Boost)  
  184  16:04  Void Ray (Chrono Boost)  
  162  16:40  Void Ray x2 (Chrono Boost)  
  166  16:52  Stalker  
  166  16:53  Stalker x2  
  166  16:54  Stalker x2  
  174  16:55  Stalker x2  
  180  17:29  Void Ray x3 (Chrono Boost)  
  134  18:06  Void Ray x3 (Chrono Boost)  
  132  18:16  Stalker x2  
  132  18:17  Stalker x2  
  132  18:18  Stalker x2  
  138  18:21  Stalker  
  140  18:43  Void Ray x2 (Chrono Boost)  
  140  18:44  Void Ray (Chrono Boost)  
  126  20:59  Void Ray x3 (Chrono Boost)  
  138  21:36  Void Ray (Chrono Boost)  
  138  21:37  Void Ray x2 (Chrono Boost)  
  150  22:13  Void Ray (Chrono Boost)  
  150  22:14  Void Ray x2 (Chrono Boost)  
  162  22:17  Stalker  
  164  22:35  Adept  
  164  22:36  Adept  
  168  22:50  Void Ray (Chrono Boost)  
  172  22:53  Void Ray x2 (Chrono Boost)  
  180  23:28  Void Ray (Chrono Boost)  
  180  23:30  Void Ray (Chrono Boost)  
  174  25:33  Void Ray (Chrono Boost)  
  174  25:34  Void Ray (Chrono Boost)  
  182  26:11  Void Ray x2 (Chrono Boost)  
  190  26:48  Void Ray x2 (Chrono Boost)  
Show
View Real Time Build Order
Export as new Build Order

SI 2 (Średnio trudna) Zerg 

Build Orders: Pool First 

Get SALT Encoding   

  12  0:01  Drone  
  13  0:12  Overlord  
  13  0:17  Drone  
  14  0:30  Drone  
  14  0:33  Drone  
  16  0:43  Spawning Pool  
  16  0:45  Drone  
  16  0:49  Drone  
  17  0:52  Extractor  
  17  0:55  Drone  
  17  1:06  Overlord  
  17  1:29  Queen  
  17  1:31  Zergling x2  
  20  1:37  Roach Warren  
  20  1:38  Extractor, Drone  
  19  1:46  Zergling x2  
  20  1:49  Drone  
  21  2:00  Drone  
  22  2:10  Overlord  
  22  2:21  Roach  
  24  2:32  Drone  
  24  2:36  Roach, Overlord  
  27  2:41  Drone  
  28  2:45  Drone  
  30  2:51  Ravager  
  30  2:54  Roach  
  32  3:05  Baneling Nest, Drone  
  32  3:07  Drone  
  32  3:09  Roach  
  32  3:10  Drone  
  36  3:16  Drone  
  37  3:24  Ravager  
  37  3:26  Overlord  
  38  3:34  Evolution Chamber  
  38  3:38  Roach  
  38  3:40  Drone  
  40  3:53  Roach  
  42  6:21  Lair  
  42  6:22  Roach, Overlord, Drone  
  42  6:23  Spore Crawler  
  42  6:25  Drone, Spore Crawler  
  44  6:27  Evolution Chamber  
  44  6:28  Drone  
  44  6:33  Roach  
  44  6:37  Hatchery  
  44  6:38  Drone  
  46  6:41  Drone, Overlord  
  47  6:50  Spine Crawler, Drone  
  47  6:53  Spine Crawler  
  47  6:54  Drone  
  46  7:01  Zergling x2  
  37  7:13  Roach  
  34  7:19  Queen  
  34  7:20  Overseer x2  
  36  7:24  Roach, Hydralisk Den  
  36  7:27  Infestation Pit  
  36  7:29  Spire  
  35  7:35  Roach  
  37  7:47  Roach  
  37  7:50  Queen, Drone  
  42  7:53  Drone  
  42  7:56  Drone  
  42  7:58  Hydralisk  
  46  7:59  Drone  
  46  8:02  Drone  
  46  8:04  Drone  
  49  8:06  Extractor  
  49  8:07  Drone  
  49  8:08  Spore Crawler  
  49  8:09  Hydralisk  
  49  8:10  Drone  
  49  8:12  Spore Crawler  
  50  8:13  Drone  
  50  8:16  Drone  
  50  8:19  Drone  
  53  8:21  Hydralisk  
  53  8:22  Drone  
  53  8:26  Drone  
  57  8:29  Drone  
  57  8:32  Hydralisk, Drone  
  61  8:35  Spine Crawler, Drone  
  61  8:38  Drone  
  61  8:41  Spine Crawler  
  61  8:43  Drone  
  63  8:48  Drone  
  63  8:54  Drone  
  64  9:00  Drone  
  65  9:03  Drone  
  65  9:05  Drone  
  65  9:07  Overlord  
  65  9:08  Drone  
  68  9:11  Drone  
  69  10:06  Extractor  
  68  10:29  Drone  
  68  10:32  Drone  
  70  10:41  Pneumatized Carapace  
  70  10:42  Hydralisk, Overseer  
  70  10:44  Zerg Melee Weapons Level 1, Zerg Ground Armor Level 1  
  70  10:45  Burrow, Muscular Augments  
  72  10:56  Overseer  
  72  10:57  Overlord  
  72  10:59  Hatchery  
  67  11:18  Hydralisk  
  67  11:25  Roach, Hive  
  54  11:27  Overlord  
  54  11:31  Hydralisk  
  56  11:33  Overseer  
  56  11:38  Roach  
  58  11:45  Zergling x2  
  59  11:52  Roach  
  61  11:58  Hydralisk  
  63  12:05  Roach  
  65  12:11  Hydralisk  
  65  12:12  Queen, Drone  
  65  12:15  Drone  
  71  12:18  Ravager x2, Drone  
  71  12:19  Roach  
  71  12:21  Drone  
  77  12:23  Overlord  
  77  12:24  Drone  
  77  12:25  Roach  
  77  12:27  Drone  
  77  12:29  Extractor  
  80  12:30  Drone  
  80  12:31  Spore Crawler  
  80  12:33  Drone  
  80  12:35  Spore Crawler  
  80  12:36  Drone  
  81  12:38  Extractor, Zerg Missile Weapons Level 1  
  81  12:39  Drone  
  81  12:40  Greater Spire, Ultralisk Cavern  
  81  12:42  Drone  
  81  12:45  Drone  
  81  12:48  Drone  
  81  12:50  Drone  
  84  12:53  Drone  
  84  12:56  Drone  
  84  12:58  Overlord  
  86  12:59  Drone  
  86  13:00  Spine Crawler  
  86  13:02  Spine Crawler, Drone  
  86  13:05  Drone  
  87  13:54  Spire, Queen, Drone  
  87  14:03  Corruptor  
  87  14:05  Zerg Melee Weapons Level 2  
  87  14:06  Overlord  
  89  14:13  Infestor  
  91  14:23  Corruptor  
  92  14:30  Overlord  
  76  14:32  Zerg Ground Armor Level 2  
  76  14:41  Infestor  
  70  14:46  Overseer  
  70  14:48  Overlord  
  70  14:51  Zergling x2  
  70  14:52  Overseer  
  71  14:57  Lair  
  71  15:07  Brood Lord, Overlord  
  73  15:08  Overseer  
  73  15:25  Brood Lord, Overlord, Corruptor  
  77  15:41  Zerg Flyer Weapons Level 1  
  77  15:45  Overlord, Hatchery  
  77  15:48  Corruptor  
  78  16:05  Brood Lord, Corruptor  
  82  16:20  Zerg Missile Weapons Level 2  
  82  16:21  Zerg Flyer Armor Level 1  
  82  16:28  Brood Lord  
  82  16:30  Overlord  
  84  16:38  Overseer  
  84  16:43  Overseer  
  82  16:48  Zerg Melee Weapons Level 3, Hydralisk  
  82  16:49  Overlord  
  83  16:56  Zergling x2  
  83  17:00  Drone  
  66  17:01  Queen  
  66  17:03  Drone  
  66  17:04  Roach  
  66  17:06  Drone  
  66  17:07  Overseer  
  72  17:08  Overlord  
  72  17:09  Drone  
  72  17:11  Zergling x2  
  72  17:12  Drone  
  71  17:16  Overseer, Drone  
  71  17:17  Mutalisk, Drone  
  71  17:19  Drone  
  71  17:22  Drone, Spore Crawler  
  69  17:25  Hydralisk, Drone  
  69  17:26  Spore Crawler  
  69  17:28  Queen, Drone  
  69  17:31  Drone  
  69  17:33  Roach, Hatchery  
  69  17:34  Queen, Overlord, Drone  
  68  17:37  Drone  
  68  17:38  Extractor  
  68  17:40  Zergling x2  
  68  17:41  Drone  
  65  17:46  Overseer  
  65  17:47  Overseer  
  65  17:48  Zergling x2, Overseer  
  65  17:50  Extractor, Drone  
  51  17:52  Corruptor  
  51  17:53  Drone  
  51  17:55  Zergling x2, Drone  
  51  17:56  Drone  
  51  17:57  Zergling x2  
  46  17:59  Zergling x2, Extractor, Drone  
  46  18:02  Zergling x2, Drone  
  46  18:04  Baneling  
  48  18:05  Extractor  
  48  18:06  Drone  
  48  18:08  Hydralisk  
  48  18:10  Drone  
  45  18:16  Roach  
  45  18:23  Mutalisk  
  43  18:29  Brood Lord  
  43  18:31  Zergling x2  
  46  18:35  Overlord  
  46  18:36  Zerg Ground Armor Level 3  
  46  18:37  Hydralisk  
  47  18:45  Roach  
  39  18:58  Drone  
  39  19:04  Drone  
  33  19:12  Drone  
  23  19:20  Drone  
  15  19:26  Drone  
  16  19:34  Hatchery  
  16  19:35  Drone  
  16  19:42  Drone  
  16  19:50  Drone  
  17  19:57  Drone  
  18  20:03  Drone  
  19  20:08  Drone  
  20  20:14  Zergling x2  
  20  20:19  Zergling x2  
  22  20:24  Zergling x2  
  23  20:35  Baneling  
  23  20:36  Mutalisk  
  25  20:45  Mutalisk  
  27  20:50  Drone  
  27  20:54  Drone  
  29  20:58  Drone  
  29  21:01  Drone  
  31  21:05  Drone  
  31  21:09  Drone  
  33  21:12  Drone  
  33  21:17  Drone  
  35  21:21  Drone  
  35  21:23  Drone  
  37  21:27  Drone  
  37  21:30  Drone  
  39  21:33  Drone  
  39  21:37  Drone  
  41  21:40  Drone  
  41  21:43  Overseer  
  41  21:45  Overseer  
  37  21:51  Mutalisk  
  37  22:01  Corruptor  
  39  22:12  Drone  
  39  22:17  Drone  
  39  22:36  Viper  
  42  22:37  Overlord  
  42  22:41  Brood Lord  
  44  22:49  Corruptor  
  46  22:55  Extractor  
  46  22:57  Drone  
  46  23:03  Mutalisk  
  48  23:09  Overlord  
  48  23:11  Extractor, Drone  
  46  23:17  Mutalisk  
  48  23:27  Mutalisk, Drone  
  48  23:28  Overlord  
  48  23:30  Drone  
  48  23:33  Drone  
  53  23:36  Drone  
  53  23:39  Drone  
  55  23:42  Drone  
  55  23:44  Overlord  
  51  23:57  Zergling x2  
  51  24:02  Overseer  
  47  24:03  Overseer, Overlord  
  45  24:12  Overlord  
  44  24:30  Drone  
  45  24:31  Zergling x2  
  45  24:32  Overlord  
  45  24:33  Drone  
  47  24:43  Zergling x2, Overseer  
  48  24:50  Hatchery  
  48  24:51  Zergling x2  
  48  24:55  Drone  
  48  24:58  Zergling x2  
  48  24:59  Brood Lord  
  50  25:06  Zergling x2  
  42  25:16  Overlord  
  36  25:26  Overlord  
  31  25:32  Overlord  
  31  25:38  Overlord  
  31  25:49  Evolution Chamber  
  30  25:57  Overlord  
  29  25:58  Spawning Pool  
  28  26:22  Overlord  
  28  26:42  Hatchery  
  27  26:49  Roach Warren  
  26  27:00  Drone  
  29  27:03  Drone  
  29  27:06  Drone  
  31  27:09  Hatchery  
  31  27:10  Drone  
  30  27:25  Drone  
  30  27:29  Drone  
  27  27:33  Drone  
  21  27:37  Drone  
  15  27:44  Drone  
Show
View Real Time Build Order
Export as new Build Order

SI 3 (Trudniejsza) Protoss 

Build Orders: 1 Gate Expand 

Get SALT Encoding   

  12  0:01  Probe (Chrono Boost)  
  13  0:11  Probe (Chrono Boost)  
  14  0:19  Pylon  
  14  0:22  Probe (Chrono Boost)  
  15  0:38  Probe (Chrono Boost)  
  16  0:48  Probe (Chrono Boost)  
  17  0:50  Gateway  
  17  1:11  Nexus, Probe (Chrono Boost)  
  18  1:27  Pylon  
  18  1:31  Assimilator  
  18  1:37  Zealot  
  20  1:41  Cybernetics Core  
  20  1:42  Probe (Chrono Boost)  
  21  1:54  Probe (Chrono Boost)  
  22  2:05  Gateway, Probe (Chrono Boost)  
  23  2:13  Assimilator  
  23  2:15  Stalker  
  23  2:20  Pylon  
  23  2:22  Probe (Chrono Boost)  
  26  2:35  Probe (Chrono Boost)  
  27  2:44  Adept, Probe (Chrono Boost)  
  28  2:45  Warp Gate  
  28  2:49  Probe (Chrono Boost)  
  28  2:50  Adept  
  31  2:56  Probe (Chrono Boost)  
  34  3:00  Probe (Chrono Boost)  
  35  3:08  Probe (Chrono Boost)  
  35  3:11  Probe (Chrono Boost)  
  37  3:18  Zealot  
  37  3:19  Gateway, Probe (Chrono Boost)  
  40  3:30  Adept  
  42  3:43  Adept  
  42  3:45  Pylon  
  44  3:56  Sentry, Assimilator  
  47  4:03  Probe (Chrono Boost)  
  47  4:04  Stalker  
  47  4:05  Probe (Chrono Boost)  
  50  4:12  Forge  
  50  4:14  Probe (Chrono Boost)  
  51  4:20  Stargate  
  51  4:27  Probe (Chrono Boost)  
  52  4:33  Assimilator  
  52  4:38  Protoss Ground Weapons Level 1, Probe (Chrono Boost)  
  53  4:39  Pylon  
  53  4:41  Probe (Chrono Boost)  
  54  4:49  Probe (Chrono Boost)  
  54  4:52  Probe (Chrono Boost)  
  56  4:55  Zealot  
  59  5:01  Probe (Chrono Boost)  
  59  5:03  Pylon, Probe (Chrono Boost)  
  59  5:04  Void Ray  
  64  5:13  Probe (Chrono Boost)  
  66  5:15  Probe (Chrono Boost)  
  66  5:18  Zealot  
  68  5:23  Probe (Chrono Boost)  
  70  5:28  Probe (Chrono Boost)  
  70  5:29  Pylon, Adept  
  70  5:35  Probe (Chrono Boost)  
  73  5:40  Probe (Chrono Boost)  
  73  5:41  Adept  
  76  5:49  Pylon, Probe (Chrono Boost)  
  77  5:51  Probe (Chrono Boost)  
  77  5:52  Adept  
  80  6:00  Probe (Chrono Boost)  
  80  6:04  Adept  
  83  6:08  Probe (Chrono Boost)  
  83  6:10  Pylon  
  85  6:12  Probe (Chrono Boost)  
  85  6:15  Adept  
  88  6:20  Probe (Chrono Boost)  
  88  6:21  Protoss Ground Armor Level 1  
  88  6:27  Sentry  
  88  6:31  Robotics Facility  
  90  6:35  Pylon  
  90  6:38  Stalker, Photon Cannon  
  92  6:45  Photon Cannon  
  92  6:47  Pylon  
  92  6:49  Stalker  
  92  6:50  Pylon  
  94  7:01  Stalker  
  96  7:09  Void Ray  
  96  7:14  Forge  
  100  7:17  Twilight Council  
  100  7:18  Observer  
  101  7:37  Observer  
  102  8:48  Nexus  
  102  8:54  Protoss Ground Weapons Level 2  
  102  8:55  Protoss Ground Armor Level 2  
  102  9:00  Void Ray  
  102  9:02  Observer  
  102  9:09  Pylon  
  106  9:20  Warp Prism  
  108  9:29  Robotics Bay  
  108  9:32  Stargate  
  108  9:36  Gateway  
  108  9:39  Pylon  
  100  9:54  Observer  
  93  10:00  Sentry  
  93  10:02  Probe x3 (Chrono Boost)  
  93  10:03  Photon Cannon  
  96  10:08  Zealot  
  96  10:12  Warp Prism  
  96  10:13  Probe (Chrono Boost)  
  101  10:14  Probe x2 (Chrono Boost)  
  103  10:22  Assimilator, Gravitic Drive  
  103  10:24  Probe (Chrono Boost)  
  103  10:25  Void Ray  
  103  10:26  Assimilator  
  108  10:39  Nexus  
  108  10:45  Disruptor, Probe (Chrono Boost)  
  108  10:47  Protoss Air Weapons Level 1  
  112  11:05  Protoss Shields Level 1  
  112  11:14  Observer Gravitic Boosters  
  112  11:17  Warp Prism  
  114  11:49  Disruptor  
  117  11:58  Void Ray  
  117  12:01  Assimilator  
  117  12:07  Pylon  
  117  12:08  Pylon  
  117  12:10  Assimilator  
  117  12:20  Disruptor  
  117  12:29  Fleet Beacon  
  120  12:31  Photon Cannon  
  120  12:35  Protoss Air Armor Level 1  
  120  12:45  Protoss Ground Weapons Level 3  
  120  12:46  Zealot  
  120  12:48  Protoss Shields Level 2  
  90  12:54  Sentry  
  90  12:55  Void Ray  
  90  12:56  Void Ray  
  87  13:00  Disruptor  
  87  13:01  Stalker  
  96  13:05  Stalker  
  96  13:08  Adept  
  100  13:16  Adept  
  102  13:23  Adept  
  102  13:26  Zealot  
  106  13:28  Adept  
  108  13:35  Adept  
  108  13:36  Phoenix  
  108  13:38  Phoenix  
  114  13:43  Zealot  
  114  13:45  Adept, Resonating Glaives  
  114  13:48  Stalker  
  120  13:55  Adept  
  122  13:58  Tempest  
  122  14:00  Void Ray  
  122  14:02  Zealot  
  128  14:04  Sentry  
  134  14:15  Protoss Air Weapons Level 2  
  134  14:52  Protoss Ground Armor Level 3  
  134  15:08  Protoss Shields Level 3  
  134  15:19  Nexus  
  134  15:28  Blink  
  134  15:32  Immortal  
  133  15:37  Probe (Chrono Boost)  
  133  15:40  Tempest, Stalker  
  144  16:09  Immortal  
  144  16:14  Stalker  
  144  16:18  Stalker  
  134  16:20  Protoss Air Armor Level 2  
  134  16:22  Zealot  
  93  16:25  Stalker  
  93  16:30  Tempest  
  91  16:37  Zealot  
  97  16:40  Assimilator  
  97  16:41  Sentry  
  97  16:44  Sentry, Disruptor  
  97  16:45  Pylon  
  101  16:48  Pylon  
  101  16:52  Adept  
  106  16:56  Stalker  
  106  16:57  Assimilator  
  108  17:01  Stalker  
  108  17:07  Adept  
  112  17:11  Photon Cannon  
  112  17:12  Zealot  
  114  17:15  Disruptor  
  114  17:16  Photon Cannon  
  114  17:20  Zealot  
  119  17:29  Stalker  
  119  17:47  Disruptor  
  119  17:54  Zealot  
  119  17:57  Tempest, Stalker  
  116  18:05  Stalker  
  105  18:09  Sentry  
  105  18:12  Tempest, Stalker  
  95  18:19  Disruptor  
  94  18:23  Sentry  
  95  18:27  Stalker  
  95  18:31  Zealot  
  95  18:34  Stalker  
  95  18:37  Nexus  
  97  18:44  Adept  
  97  18:48  Sentry  
  101  18:52  Zealot  
  97  18:55  Sentry  
  97  18:56  Tempest  
  97  19:01  Void Ray  
  97  19:06  Protoss Air Weapons Level 3  
  98  19:11  Stalker  
  98  19:13  Immortal  
  104  19:20  Stalker  
  102  19:24  Stalker  
  102  19:29  Zealot  
  108  19:32  Mothership Core (Chrono Boost)  
  108  19:33  Stalker  
  106  19:41  Stalker  
  106  19:46  Zealot  
  106  19:47  Stalker  
  106  19:49  Void Ray  
  114  19:54  Stalker  
  114  19:59  Assimilator  
  116  20:01  Pylon  
  116  20:02  Stalker  
  116  20:04  Stalker x2  
  116  20:10  Stalker  
  116  20:26  Void Ray  
  112  20:30  Stalker  
  112  20:35  Pylon  
  110  20:39  Pylon  
  110  20:41  Pylon  
  90  20:50  Stalker  
  90  20:54  Assimilator  
  77  21:03  Stalker  
  71  21:04  Void Ray  
  71  21:10  Photon Cannon  
  71  21:11  Stalker  
  71  21:14  Mothership Core (Chrono Boost), Probe (Chrono Boost)  
  71  21:15  Pylon, Immortal  
  71  21:16  Probe (Chrono Boost)  
  74  21:19  Nexus  
  74  21:23  Stalker  
  74  21:25  Photon Cannon  
  75  21:32  Stalker  
  75  21:38  Nexus  
  68  21:44  Assimilator  
  68  21:45  Stalker, Void Ray  
  68  21:46  Probe (Chrono Boost)  
  67  21:48  Nexus  
  67  21:50  Zealot  
  67  21:51  Probe (Chrono Boost)  
  67  21:52  Stalker, Probe (Chrono Boost), Immortal  
  75  21:54  Assimilator  
  75  21:57  Probe (Chrono Boost)  
  79  22:02  Probe (Chrono Boost)  
  79  22:03  Probe (Chrono Boost)  
  79  22:04  Nexus  
  79  22:05  Nexus  
  79  22:07  Zealot  
  79  22:08  Probe (Chrono Boost)  
  69  22:11  Sentry  
  69  22:14  Robotics Facility, Probe x2 (Chrono Boost)  
  70  22:15  Sentry  
  70  22:19  Probe (Chrono Boost)  
  71  22:23  Void Ray  
  71  22:25  Probe (Chrono Boost)  
  71  22:26  Probe (Chrono Boost)  
  71  22:27  Templar Archives  
  71  22:28  Warp Prism  
  78  22:30  Probe (Chrono Boost), Zealot  
  81  22:40  Nexus  
  81  22:45  Probe (Chrono Boost)  
  81  22:48  Dark Shrine  
  81  22:56  Nexus  
  81  22:57  Nexus  
  81  22:58  Disruptor  
  80  23:01  Warp Prism  
  80  23:02  Pylon  
  80  23:04  Pylon  
  82  23:06  High Templar  
  82  23:09  Fleet Beacon  
  82  23:12  High Templar  
  86  23:17  Nexus, High Templar  
  86  23:19  Assimilator  
  88  23:24  Probe (Chrono Boost)  
  88  23:25  Probe x2 (Chrono Boost)  
  78  23:30  Immortal  
  78  23:33  Assimilator, Warp Prism  
  80  23:35  Probe (Chrono Boost)  
  80  23:37  Probe (Chrono Boost), High Templar  
  80  23:38  Probe (Chrono Boost)  
  81  23:43  Zealot  
  81  23:47  Probe (Chrono Boost)  
  81  23:48  Nexus, High Templar  
  87  23:49  Probe x2 (Chrono Boost)  
  87  23:52  Probe (Chrono Boost)  
  89  23:59  Probe (Chrono Boost)  
  89  24:01  Probe (Chrono Boost)  
  92  24:03  Probe (Chrono Boost), High Templar  
  92  24:04  Probe (Chrono Boost)  
  92  24:08  High Templar  
  92  24:09  Disruptor  
  66  24:10  Probe (Chrono Boost)  
  57  24:45  High Templar  
  57  24:50  High Templar  
  43  24:56  Probe x2 (Chrono Boost)  
  43  24:58  Probe (Chrono Boost)  
  40  25:13  Stalker, Nexus  
  42  25:19  Zealot  
  44  25:25  Nexus  
  37  25:55  Probe (Chrono Boost)  
  37  25:56  Archon  
  32  25:57  High Templar  
  32  26:02  High Templar  
  36  26:09  Nexus  
  34  26:31  High Templar  
Tags
 
Add a new tag
Caveats
  • Supply blocks, unpowered buildings, or Contaminate may cause inaccurate times.
  • Supply counts are checked every 10 seconds.